Map: Ley Lines

Players

llllllllllll (LunaSea) - Winner!

  • Race: Protoss Protoss
  • League: Grandmaster
  • Spawn Location: 1:00

Moja

  • Race: Terran Terran
  • League: Grandmaster
  • Spawn Location: 7:00

VOD

Have the link to the VOD?

Description

Time

  • Played on: April 9, 2025, 5:09 p.m.
  • Length: 6:11
Show
View Real Time Build Order
Export as new Build Order

llllllllllll Protoss - Winner!

Build Orders: 1 Gate Expand, Zealot Archon, Dark Templar Rush 

Get SALT Encoding   

  12  0:00  Probe  
  13  0:12  Probe  
  14  0:17  Pylon  
  14  0:24  Probe  
  15  0:32  Probe  
  15  0:36  Gateway  
  15  0:40  Probe  
  16  0:46  Assimilator  
  17  0:51  Probe  
  18  1:03  Probe  
  19  1:15  Probe  
  20  1:24  Cybernetics Core  
  20  1:33  Nexus  
  20  1:37  Probe  
  21  1:44  Pylon  
  21  1:49  Probe  
  21  1:52  Adept  
  22  1:54  Assimilator  
  22  2:01  Probe  
  25  2:13  Probe  
  26  2:18  Twilight Council  
  26  2:23  Warp Gate  
  26  2:24  Adept  
  26  2:25  Probe  
  29  2:34  Pylon  
  29  2:37  Probe  
  29  2:43  Probe  
  30  2:50  Probe  
  32  2:51  Probe  
  32  2:57  Dark Shrine  
  33  3:02  Probe x2  
  35  3:07  Gateway  
  35  3:15  Gateway  
  30  3:42  Probe x2  
  32  3:50  Probe x2  
  34  3:58  Probe x2  
  36  4:10  Charge, Probe x2  
  36  4:11  Dark Templar x2  
  36  4:12  Dark Templar  
  44  4:22  Probe x2  
  46  4:34  Probe x2  
  46  4:42  Nexus  
  46  4:44  Archon, Pylon  
  46  4:46  Probe x2  
  44  4:58  Probe  
  45  5:01  Zealot x3  
  45  5:02  Probe  
  52  5:09  Gateway  
  52  5:10  Probe  
  52  5:12  Pylon  
  51  5:14  Probe  
  51  5:17  Assimilator  
  52  5:22  Stalker x2, Probe  
  52  5:23  Stalker  
  57  5:31  Probe  
  57  5:34  Probe  
  57  5:43  Probe  
  57  5:47  Probe  
  59  5:52  Zealot, Forge  
  59  5:53  Zealot x2  
  59  5:55  Probe  
  65  5:59  Probe  
  65  6:02  Pylon  
  64  6:10  Zealot  
Show
View Real Time Build Order
Export as new Build Order

Moja Terran 

Build Orders: Gas First Reaper Expand 

Get SALT Encoding   

  12  0:00  SCV  
  13  0:12  SCV  
  14  0:16  Supply Depot  
  14  0:24  SCV  
  14  0:27  Refinery  
  15  0:38  SCV  
  16  0:43  Barracks  
  16  0:50  SCV  
  17  1:02  SCV  
  18  1:14  SCV  
  19  1:30  Orbital Command, Reaper  
  20  1:40  Command Center  
  20  1:52  Factory  
  20  1:55  SCV  
  21  2:05  Supply Depot, Reaper  
  21  2:08  SCV  
  23  2:11  Refinery  
  23  2:27  SCV  
  24  2:35  Hellion  
  26  2:39  SCV  
  26  2:41  Barracks Reactor  
  27  2:49  Starport  
  27  2:51  Orbital Command, SCV  
  28  2:57  Widow Mine  
  30  3:03  SCV  
  31  3:09  Orbital Command  
  31  3:15  SCV  
  31  3:18  Widow Mine  
  33  3:27  SCV  
  33  3:33  Marine  
  33  3:34  Marine, Medivac  
  36  3:39  SCV  
  36  3:41  Factory Tech Lab  
  37  3:42  SCV  
  37  3:45  Supply Depot  
  37  3:51  SCV, Marine x2  
  37  3:54  SCV  
  41  3:55  Bunker  
  41  3:59  Siege Tank  
  44  4:03  SCV  
  44  4:04  Supply Depot  
  44  4:07  SCV, Liberator  
  44  4:09  Marine x2  
  51  4:16  Supply Depot, SCV  
  52  4:19  SCV  
  53  4:27  Marine x2  
  55  4:33  SCV  
  50  4:40  Engineering Bay  
  36  4:46  Marine x2  
  36  4:51  SCV  
  37  4:57  SCV  
  34  5:00  Siege Tank  
  34  5:04  Marine  
  34  5:05  SCV  
  36  5:35  Marine x2  
  34  5:39  SCV x2  
  39  5:53  Marine  
Tags
 
Add a new tag
Caveats
  • Supply blocks, unpowered buildings, or Contaminate may cause inaccurate times.
  • Supply counts are checked every 10 seconds.